Map: Nightshade LE

Players

TSGTYTY (TY) - Winner!

  • Race: Terran Terran
  • League: Grandmaster
  • Spawn Location: 5:00

Zest

  • Race: Protoss Protoss
  • League: Master
  • Spawn Location: 11:00

VOD

Have the link to the VOD?

Description

Time

  • Played on: Jan. 7, 2020, 10:46 p.m.
  • Length: 19:12
Show
View Real Time Build Order
Export as new Build Order

TSGTYTY Terran - Winner!

Build Orders:  

Get SALT Encoding   

  12  0:00  SCV  
  13  0:12  SCV  
  14  0:17  Supply Depot  
  14  0:24  SCV  
  15  0:39  SCV  
  15  0:40  Barracks  
  16  0:44  Refinery  
  16  0:51  SCV  
  17  1:03  SCV  
  18  1:15  SCV  
  19  1:27  Marine  
  19  1:28  Orbital Command  
  20  1:41  Command Center  
  20  1:45  Barracks Reactor  
  20  1:51  Supply Depot  
  20  1:54  SCV  
  21  2:04  Factory  
  21  2:08  SCV  
  22  2:20  SCV, Marine  
  22  2:21  Marine  
  25  2:32  SCV  
  26  2:38  Marine x2  
  28  2:44  SCV  
  28  2:48  Starport, Hellion  
  31  2:56  SCV  
  31  2:57  Marine x2  
  34  3:01  Orbital Command  
  34  3:08  SCV  
  34  3:09  Hellion  
  37  3:15  Marine x2  
  39  3:20  SCV  
  39  3:24  Medivac  
  42  3:28  SCV  
  42  3:31  Supply Depot  
  42  3:32  Hellion  
  45  3:34  Supply Depot  
  45  3:35  SCV  
  46  3:48  Barracks  
  46  3:52  Marine x2, Barracks  
  46  3:53  SCV  
  49  3:56  SCV  
  49  3:58  Factory Tech Lab  
  49  4:00  Refinery  
  50  4:04  Refinery  
  50  4:05  SCV  
  50  4:06  Starport Tech Lab  
  51  4:10  SCV, Marine  
  53  4:17  SCV  
  53  4:22  SCV, Marine  
  56  4:28  Marine  
  56  4:29  SCV  
  56  4:30  Siege Tank  
  61  4:34  SCV  
  57  4:47  Marine x2  
  57  4:52  Supply Depot, Barracks Reactor  
  58  4:53  Supply Depot  
  58  4:54  Stimpack, Marauder  
  58  4:57  SCV  
  58  4:58  SCV  
  62  5:05  Engineering Bay  
  62  5:13  Marine x2, SCV x2, Siege Tank  
  69  5:15  Supply Depot x2  
  69  5:18  Marauder  
  71  5:22  Refinery  
  71  5:30  SCV, Terran Infantry Weapons Level 1  
  71  5:31  Marine x2  
  71  5:34  Viking  
  76  5:37  Viking  
  76  5:42  Marauder  
  80  5:47  SCV x2  
  82  5:53  Marauder  
  82  5:58  Marine x2  
  82  6:02  Refinery  
  82  6:03  Marine  
  85  6:06  Combat Shield  
  85  6:10  Supply Depot  
  87  6:17  Marine x2  
  86  6:23  SCV x2  
  88  6:26  Marauder  
  88  6:27  Marauder  
  88  6:29  Medivac x2  
  88  6:30  Factory Tech Lab  
  94  6:35  SCV  
  95  6:42  Marine x2  
  97  6:47  SCV, Command Center  
  97  6:48  SCV  
  97  6:50  Siege Tank  
  97  6:51  Concussive Shells  
  102  6:59  Marine  
  102  7:05  Supply Depot  
  102  7:07  Marine  
  102  7:12  Missile Turret  
  100  7:16  Medivac  
  100  7:19  Marine  
  102  7:24  Missile Turret  
  102  7:27  Marine  
  102  7:30  Medivac  
  100  7:39  Missile Turret  
  97  7:49  Supply Depot  
  97  7:58  Marine, Siege Tank  
  97  8:01  Marine  
  97  8:02  Orbital Command  
  101  8:07  Missile Turret  
  101  8:08  SCV  
  101  8:10  SCV  
  102  8:14  Orbital Command  
  104  8:20  SCV, Barracks Tech Lab x2  
  104  8:23  SCV  
  104  8:29  Marine  
  104  8:32  SCV  
  105  8:35  SCV  
  105  8:41  Marauder, Orbital Command  
  106  8:43  Marauder  
  106  8:47  Marine  
  106  8:48  SCV  
  112  8:50  SCV  
  112  9:00  SCV, Factory Tech Lab  
  112  9:02  SCV  
  114  9:04  Refinery  
  114  9:08  SCV  
  114  9:09  Terran Infantry Armor Level 1  
  117  9:13  Supply Depot, Barracks Reactor  
  117  9:14  SCV, Supply Depot  
  117  9:15  SCV  
  116  9:25  Orbital Command  
  117  9:32  SCV x2  
  117  9:36  Siege Tank  
  121  9:40  Viking x2  
  121  9:44  SCV x2  
  127  9:46  Marine x2, Missile Turret  
  127  9:51  SCV  
  130  9:57  SCV x2  
  130  9:58  Missile Turret  
  132  10:03  SCV  
  132  10:09  SCV x2  
  134  10:15  SCV  
  134  10:19  Barracks x2  
  134  10:21  SCV, Armory  
  136  10:22  Engineering Bay  
  136  10:23  Supply Depot  
  136  10:25  Siege Tank  
  136  10:26  SCV  
  137  10:34  Viking  
  141  10:41  Viking  
  141  10:51  Command Center  
  141  10:54  Refinery  
  141  10:55  Refinery  
  144  10:57  Siege Tank  
  144  11:01  Supply Depot  
  144  11:02  Supply Depot  
  144  11:08  Barracks Reactor, Barracks Tech Lab  
  144  11:10  Marine x4  
  148  11:13  Sensor Tower  
  148  11:19  Terran Infantry Weapons Level 2  
  148  11:22  Viking x2  
  148  11:24  SCV x2  
  154  11:28  Marine x3  
  154  11:30  Terran Vehicle Weapons Level 1  
  158  11:37  Terran Infantry Armor Level 2  
  158  11:38  SCV x2  
  161  11:45  Marine x3  
  161  11:46  Marine  
  165  11:50  Supply Depot, Siege Tank  
  165  11:53  Ghost Academy  
  164  12:00  Viking  
  165  12:02  Marine x3, Viking  
  165  12:04  SCV x2  
  172  12:08  SCV  
  171  12:21  Missile Turret  
  167  12:26  Siege Tank  
  167  12:28  Planetary Fortress  
  167  12:29  Refinery  
  169  12:31  Marine x3, Refinery  
  169  12:33  Factory  
  169  12:34  Factory  
  171  12:49  Marine x3  
  171  12:50  Marine  
  179  12:54  Missile Turret  
  179  12:59  Siege Tank  
  179  13:03  Viking  
  179  13:05  Missile Turret  
  184  13:06  Unknown  
  184  13:10  SCV  
  184  13:12  SCV x2  
  187  13:17  Unknown x2  
  182  13:25  SCV x3  
  182  13:26  Factory Tech Lab x2  
  176  13:31  Marauder x2, Siege Tank  
  183  13:39  Medivac x2  
  187  13:45  Sensor Tower  
  188  14:10  Siege Tank  
  188  14:15  Terran Infantry Armor Level 3, Terran Infantry Weapons Level 3  
  188  14:16  Terran Vehicle Weapons Level 2, Command Center  
  188  14:24  Supply Depot  
  188  14:25  Supply Depot  
  188  14:26  SCV  
  188  14:27  SCV x2  
  188  14:37  Supply Depot  
  188  14:43  Siege Tank  
  179  14:49  SCV x3  
  179  14:50  Marine x3  
  182  14:53  Enhanced Shockwaves  
  182  14:54  Ghost Academy  
  182  15:01  Marine x2  
  182  15:02  SCV x2  
  182  15:03  SCV  
  184  15:13  Marine x3  
  180  15:14  SCV x2  
  180  15:17  Marine, Unknown x2  
  176  15:28  SCV x2, Siege Tank x2  
  184  15:36  Marine x2  
  184  15:41  Missile Turret  
  184  15:42  Liberator x2  
  188  15:57  Missile Turret  
  193  16:05  Siege Tank  
  193  16:08  Unknown x2  
  191  16:12  Personal Cloaking  
  191  16:17  Marine x4  
  177  16:28  SCV x2  
  177  16:30  SCV  
  177  16:32  Marauder x2  
  179  16:33  Missile Turret, Marauder  
  179  16:35  Marine x4  
  180  16:40  SCV x2  
  180  16:46  Planetary Fortress  
  177  16:52  Missile Turret  
  182  16:54  Marine x3  
  182  16:57  Missile Turret  
  185  17:02  Marine  
  185  17:03  Siege Tank  
  185  17:05  Missile Turret  
  189  17:10  Siege Tank  
  189  17:12  Marine, Terran Vehicle And Ship Armor Level 1  
  193  17:16  Nuke  
  193  17:18  Marine  
  193  17:19  Marine  
  193  17:22  Marine, Unknown x3  
  196  17:23  Marine  
  199  17:37  Nuke  
  199  17:39  Marine  
  199  17:43  Missile Turret  
  197  17:55  Barracks x3  
  197  18:11  Missile Turret x2  
  195  18:14  Siege Tank  
  195  18:16  Marauder  
  196  18:36  Marine x4  
  196  18:37  Marauder x2  
  199  18:44  Barracks Tech Lab x3  
  199  18:45  Marine  
  199  18:46  Missile Turret  
Show
View Real Time Build Order
Export as new Build Order

Zest Protoss 

Build Orders: 1 Gate Expand 

Get SALT Encoding   

  12  0:00  Probe  
  13  0:12  Probe  
  14  0:17  Pylon  
  14  0:25  Probe (Chrono Boost)  
  15  0:36  Gateway  
  15  0:37  Probe (Chrono Boost)  
  16  0:44  Probe (Chrono Boost)  
  16  0:46  Assimilator  
  17  0:51  Probe  
  18  1:03  Probe  
  19  1:15  Probe  
  20  1:23  Cybernetics Core  
  20  1:32  Nexus  
  20  1:34  Probe  
  21  1:42  Pylon  
  21  1:47  Probe  
  22  1:50  Assimilator  
  22  1:57  Adept (Chrono Boost)  
  22  1:59  Probe  
  25  2:02  Warp Gate  
  25  2:11  Probe  
  26  2:23  Probe  
  26  2:24  Robotics Facility  
  26  2:28  Adept  
  29  2:35  Probe (Chrono Boost)  
  30  2:46  Probe (Chrono Boost)  
  30  2:49  Probe (Chrono Boost)  
  32  2:51  Probe (Chrono Boost)  
  32  2:57  Probe  
  32  2:58  Stalker  
  36  3:01  Probe  
  37  3:09  Probe  
  37  3:12  Observer (Chrono Boost)  
  39  3:13  Probe  
  39  3:14  Gateway  
  39  3:15  Gateway  
  39  3:19  Pylon  
  40  3:21  Probe  
  40  3:25  Probe, Observer (Chrono Boost)  
  43  3:30  Assimilator  
  43  3:31  Pylon  
  43  3:32  Assimilator  
  43  3:39  Robotics Bay  
  43  3:40  Probe  
  44  3:42  Probe  
  46  3:52  Probe, Pylon  
  46  3:54  Probe  
  48  3:57  Stalker  
  49  4:05  Immortal (Chrono Boost)  
  49  4:09  Stalker  
  55  4:18  Stalker  
  57  4:27  Stalker  
  56  4:42  Warp Prism (Chrono Boost)  
  56  4:44  Probe (Chrono Boost)  
  57  4:46  Gravitic Drive  
  57  4:47  Observer  
  57  4:49  Probe (Chrono Boost)  
  57  4:55  Probe (Chrono Boost)  
  57  4:59  Probe (Chrono Boost)  
  59  5:01  Probe (Chrono Boost), Twilight Council  
  59  5:03  Pylon  
  60  5:09  Probe (Chrono Boost)  
  60  5:14  Pylon  
  62  5:15  Probe (Chrono Boost)  
  62  5:17  Probe (Chrono Boost)  
  63  5:22  Probe  
  63  5:23  Nexus  
  63  5:26  Probe  
  65  5:28  Pylon  
  65  5:30  Disruptor (Chrono Boost)  
  68  5:40  Observer  
  68  5:41  Dark Shrine  
  68  5:54  Gateway x2  
  68  6:00  Disruptor (Chrono Boost)  
  71  6:06  Gateway  
  71  6:08  Gateway  
  71  6:12  Observer  
  71  6:33  Disruptor  
  71  6:39  Pylon  
  74  6:43  Shield Battery  
  74  6:44  Shield Battery  
  74  6:46  Pylon  
  74  6:52  Dark Templar  
  74  6:53  Dark Templar x3  
  82  6:54  Dark Templar  
  74  7:35  Stalker x3  
  74  7:36  Probe x2 (Chrono Boost)  
  77  7:45  Probe x2 (Chrono Boost)  
  77  7:50  Probe x2 (Chrono Boost)  
  78  7:59  Dark Templar  
  78  8:02  Probe x2  
  82  8:06  Colossus (Chrono Boost)  
  82  8:10  Extended Thermal Lance  
  88  8:14  Probe x2  
  88  8:20  Stalker x2  
  88  8:21  Zealot  
  88  8:23  Nexus  
  88  8:26  Probe x2  
  96  8:47  Probe x2, Charge (Chrono Boost)  
  96  8:57  Colossus (Chrono Boost)  
  96  9:02  Pylon  
  102  9:05  Pylon  
  102  9:14  Pylon  
  102  9:20  Probe x2  
  104  9:25  Observer  
  102  9:37  Zealot x7  
  102  9:38  Probe x2  
  118  9:43  Warp Prism  
  120  9:50  Probe  
  120  9:52  Pylon  
  121  10:07  Observer  
  112  10:25  Warp Prism (Chrono Boost)  
  114  10:30  Probe x2  
  115  10:36  Sentry x3  
  115  10:39  Forge  
  115  10:40  Forge  
  115  10:41  Zealot x4  
  115  10:42  Probe (Chrono Boost)  
  130  10:43  Pylon  
  130  10:44  Assimilator  
  130  10:46  Assimilator  
  130  10:47  Probe (Chrono Boost)  
  130  10:49  Probe (Chrono Boost)  
  132  10:54  Probe (Chrono Boost)  
  134  10:58  Probe (Chrono Boost)  
  134  10:59  Probe (Chrono Boost)  
  134  11:01  Probe (Chrono Boost), Blink  
  134  11:03  Probe (Chrono Boost), Gateway, Pylon  
  134  11:04  Probe (Chrono Boost)  
  136  11:10  Protoss Ground Weapons Level 1 (Chrono Boost)  
  138  11:19  Protoss Ground Armor Level 1 (Chrono Boost)  
  138  11:20  Photon Cannon  
  138  11:23  Sentry x2  
  138  11:24  Sentry  
  144  11:25  Disruptor (Chrono Boost)  
  144  11:27  Robotics Facility  
  144  11:32  Dark Templar x2  
  151  11:33  Zealot x2  
  151  11:57  Photon Cannon  
  151  11:58  Disruptor (Chrono Boost)  
  151  12:00  Pylon  
  150  12:12  Nexus  
  150  12:27  Zealot x8  
  150  12:29  Disruptor (Chrono Boost)  
  170  12:39  Disruptor (Chrono Boost)  
  170  12:53  Zealot  
  170  12:55  Pylon  
  170  12:57  Pylon  
  170  12:58  Shadow Stride (Chrono Boost)  
  146  13:30  Zealot x8  
  146  13:31  Disruptor x2  
  168  13:34  Probe x3  
  168  13:36  Probe, Photon Cannon  
  168  13:37  Shield Battery  
  168  13:38  Protoss Ground Weapons Level 2 (Chrono Boost), Protoss Ground Armor Level 2 (Chrono Boost)  
  172  13:48  Templar Archives  
  172  13:52  Dark Templar x2, Zealot x4  
  172  13:53  Zealot  
  183  14:28  Dark Templar x8  
  199  14:34  Gravitic Boosters, Observer (Chrono Boost)  
  177  15:03  Dark Templar  
  177  15:04  Dark Templar x7  
  166  15:29  Assimilator  
  166  15:30  Assimilator  
  166  15:32  Observer x2 (Chrono Boost)  
  168  15:36  Zealot x8, Observer  
  168  15:38  Probe x3  
  187  15:46  Nexus  
  181  15:59  Zealot  
  181  16:00  Zealot x7  
  141  16:24  Zealot x8  
  123  16:44  Disruptor x2 (Chrono Boost)  
  116  16:52  Probe x3  
  122  16:54  Pylon  
  122  16:55  Psionic Storm  
  122  17:03  High Templar x3  
  122  17:04  High Templar  
  130  17:12  Stalker x4  
  130  17:13  Archon x2  
  143  17:40  Disruptor x2 (Chrono Boost)  
  135  17:48  Probe x4  
  135  17:50  Probe  
  135  17:51  Assimilator  
  140  17:54  Assimilator  
  140  18:05  Nexus, Stalker x8  
  153  18:08  Disruptor  
  153  18:09  Disruptor  
  157  18:31  Probe  
  157  18:32  Probe  
  157  18:33  Pylon  
  150  18:38  Zealot x8  
  133  19:06  Stalker x8  
Tags
 
Add a new tag
Caveats
  • Supply blocks, unpowered buildings, or Contaminate may cause inaccurate times.
  • Supply counts are checked every 10 seconds.